 Dungeon Crawl Stone Soup version 0.17.0-28-g6e173f8 (webtiles) character file.

111 dohliylev the Stinger (level 4, -5/24 HPs)
             Began as a Gargoyle Venom Mage on Dec 1, 2015.
             Killed by miscasting Mephitic Cloud (29 damage)
             ... on level 3 of the Dungeon.
             The game lasted 00:10:46 (2579 turns).

dohliylev the Stinger (Gargoyle Venom Mage)         Turns: 2579, Time: 00:10:46

Health: -5/24      AC: 10    Str: 12    XL:     4   Next: 92%
Magic:  2/8        EV:  9    Int: 16    God:
Gold:   93         SH:  0    Dex: 10    Spells: 3 memorised, 1 level left

rFire  . . .     SeeInvis .     t - +1 short sword (drain)
rCold  . . .     Clarity  .     i - +0 scale mail (curse)
rNeg   + . .     SustAt   .     (no shield)
rPois  ∞         Gourm    .     (no helmet)
rElec  +         Spirit   .     (no cloak)
rCorr  .         Warding  .     (no gloves)
rMut   .         Stasis   .     g - +0 pair of boots
MR     .....                    (no amulet)
Stlth  ..........               (no ring)
                                (no ring)

@: very slightly contaminated, not resistant to hostile enchantments, extremely
unstealthy
A: negative energy resistance 1, electricity resistance, unbreathing,
petrification resistance, rot immunity, AC +3
a: no special abilities


You were on level 3 of the Dungeon.
You were not hungry.

You visited 1 branch of the dungeon, and saw 3 of its levels.

You collected 93 gold pieces.

Inventory:

Hand Weapons
 j - a +0 short sword
 t - a +1 short sword of draining (weapon)
Armour
 a - a +0 robe
 g - a +0 pair of boots (worn)
 i - a cursed +0 scale mail (worn)
Wands
 r - a wand of polymorph (17)
Scrolls
 e - a scroll of identify {unknown}
 h - a scroll of random uselessness {unknown}
 k - a scroll of remove curse {unknown}
 o - a scroll of amnesia {unknown}
 q - a scroll of recharging {unknown}
 v - a scroll of enchant weapon {unknown}
Potions
 d - a potion of magic {unknown}
 l - a potion of agility {unknown}
 m - a potion of flight {unknown}
 p - 2 potions of heal wounds {unknown}
 u - a potion of resistance {unknown}
Books
 b - a Young Poisoner's Handbook

   Spells                             Type                      Level
   a - Sting                          Conjuration/Poison           1
   b - Cure Poison                    Poison                       2
   c - Mephitic Cloud                 Conjuration/Poison/Air       3
   d - Olgreb's Toxic Radiance        Poison                       4
   e - Venom Bolt                     Conjuration/Poison           5
Comestibles
 c - 4 bread rations
 f - 2 slices of pizza
 n - 3 chunks of flesh
 s - 5 fruits


   Skills:
 + Level 0.2 Fighting
 + Level 2.1 Dodging
 - Level 2.1 Stealth
 * Level 3.2 Spellcasting
 + Level 1.4 Conjurations
 + Level 4.6 Poison Magic


You had one spell level left.
You knew the following spells:

 Your Spells              Type           Power        Failure   Level  Hunger
a - Sting                 Conj/Pois      ##..         34%         1    None
b - Mephitic Cloud        Conj/Pois/Air  #.......     97%         3    ###....
c - Olgreb's Toxic Radia  Pois           ###.....     99%         4    ####...


Dungeon Overview and Level Annotations

Branches:
Dungeon (3/15)

Altars:


Innate Abilities, Weirdness & Mutations

You are resistant to torment.
Your stone body is resilient (AC +3).
You are immune to poison.
You resist negative energy.
You are resistant to electric shocks.
You can survive without breathing.
You are immune to petrification.
You are immune to rotting.


Message History

You climb downwards.
There is a stone staircase leading up here.
Casting: Sting
Confirm with . or Enter, or press ? or * to list all spells.
The spell is very dangerous to cast!
Continue anyway?
Aiming: Mephitic Cloud
Press: ? - help, Shift-Dir - straight line, f - orc
Aim: an orc, wielding a short sword and wearing a leather armour You miscast Mephitic Cloud.
Ouch! You gave yourself an electric shock.
The orc hits you but does no damage.
Casting: Mephitic Cloud
Confirm with . or Enter, or press ? or * to list all spells.
The spell is very dangerous to cast!
Continue anyway?
Aiming: Mephitic Cloud
Press: ? - help, Shift-Dir - straight line, f/p - orc
Aim: an orc, wielding a short sword and wearing a leather armour You miscast Mephitic Cloud.
You are blasted with magical energy!
Ouch! That really hurt!
You die...

...†....#.# # ####.....#
o.......#.#.#..
#..#.....# ...........
#..# #.##.....#
#....o...# #..#
###.####.### #....###
#..# #....# #.# ##
#.....##)..###..#
##.#.## #.# #. #.###
###o.##..
##....####.###.
##.##.####..#>##.#......
#.##.o@##.#.......#####
#####....#o...#.###.###
#...............# #.##
....#####.....###.# #..#
.. ###..#.....#.# ##.###
#.......#....####...#
#.#..####......####.####
########.#.##
#..###...##....#
#..........# #.##
###.......#


You could see 2 orcs.

Vanquished Creatures
  An iguana (D:3)
  An adder (D:2)
  2 oozes
  2 worms (D:2)
  A giant gecko (D:1)
  An orc (D:2)
  2 ball pythons
  7 bats
  2 giant cockroaches
  2 gnoll zombies (D:3)
  8 goblins
  12 hobgoblins
  10 kobolds
  4 giant newts
  3 rats (D:1)
58 creatures vanquished.

Notes
Turn   | Place    | Note
--------------------------------------------------------------
     0 | D:1      | dohliylev the Gargoyle Venom Mage began the quest for the Orb.
     0 | D:1      | Reached XP level 1. HP: 10/10 MP: 3/3
    92 | D:1      | Reached XP level 2. HP: 15/15 MP: 0/5
   563 | D:1      | Reached XP level 3. HP: 8/19 MP: 6/6
  1562 | D:2      | Learned a level 3 spell: Mephitic Cloud
  1770 | D:2      | Reached XP level 4. HP: 24/24 MP: 8/8
  2368 | D:3      | Reached skill level 1 in Conjurations
  2497 | D:3      | Learned a level 4 spell: Olgreb's Toxic Radiance
  2579 | D:3      | Killed by miscasting Mephitic Cloud

Action                   |  1- 3 |  4- 6 || total
-------------------------+-------+-------++-------
Melee: Unarmed           |    16 |       ||    16
       Short sword       |   107 |    65 ||   172
 Cast: Sting             |    40 |    10 ||    50
  Eat: Chunk             |     4 |     2 ||     6
